 Dungeon Crawl Stone Soup version 0.31-a0-236-g9a0961fb85 (webtiles) character file.

Game seed: 227033636374206466

213 qw the Shooter (level 5, -3/42 (46) HPs)
             Began as a Minotaur Hexslinger on July 10, 2023.
             Was an Initiate of Okawaru.
             Slain by a wight
             ... wielding a +0 scimitar
              (12 damage)
             ... on level 5 of the Dungeon.
             The game lasted 00:01:05 (3422 turns).

qw the Shooter (Minotaur Hexslinger)                Turns: 3422, Time: 00:01:05

HP:   -3/42 (46)    AC:  5    Str: 12    XL:     5   Next: 59%
MP:   5/5           EV: 11    Int: 10    God:    Okawaru [......]
Gold: 210           SH:  0    Dex: 15    Spells: 5/6 levels left

rFire   . . .        Y - +3 sling
rCold   . . .        (no shield)
rNeg    . . .        d - +0 ring mail
rPois   .            (helmet restricted)
rElec   .            (no cloak)
rCorr   .            (no gloves)
SInv    .            (no boots)
Will    .....        (no amulet)
Stlth   +            (no ring)
HPRegen 0.27/turn    (no ring)
MPRegen 0.09/turn

%: no passive effects
@: about to teleport, drained
A: horns 2, retaliatory headbutt
a: Renounce Religion


You were on level 5 of the Dungeon.
You worshipped Okawaru.
Okawaru was noncommittal.
You visited 2 branches of the dungeon, and saw 6 of its levels.

You collected 210 gold pieces.


Innate Abilities, Weirdness & Mutations

You have a pair of horns on your head.
You reflexively headbutt those who attack you in melee.


   Skills:
 - Level 4.1 Fighting
 + Level 5.2 Ranged Weapons
 - Level 1.0 Armour
 - Level 2.1 Dodging
 - Level 1.0 Spellcasting
 - Level 2.0 Hexes


You had 5 spell levels left.
You knew the following spells:

 Your Spells              Type           Power      Damage    Failure   Level
a - Slow                  Hex            16%        N/A       34%         1

Your spell library contained the following spells:

 Spells                   Type           Power      Damage    Failure   Level
 Inner Flame              Hex/Fire       2%         N/A       83%         3
 Portal Projectile        Hex/Tloc       4%         N/A       83%         3
 Cause Fear               Hex            2%         N/A       98%         4

Inventory:

Hand Weapons
 Y - a +3 sling (weapon)
Armour
 d - a +0 ring mail (worn)
Scrolls
 a - a scroll of immolation {unknown}
 e - 2 scrolls of identify
Potions
 c - 3 potions of heal wounds
 f - a potion of lignification {unknown}
 g - a potion of berserk rage {unknown}
 h - a potion of curing {unknown}
 i - a potion of brilliance {unknown}
 j - a potion of degeneration {unknown}

Dungeon Overview and Level Annotations

Branches:
Dungeon (5/15)             Temple (1/1) D:4

Altars:
Ashenzari
Cheibriados
Dithmenos
Fedhas
Gozag
Makhleb
Nemelex Xobeh
Okawaru
Qazlal
Ru
Sif Muna
Trog
Uskayaw
Vehumet
Wu Jian
Xom
Zin
The Shining One


Message History

a - a scroll labelled MIAXZI COPROU
Enter note:
Enter note:
Enter note:
Enter note:
Enter note:
Enter note:
Found a stone staircase leading down.
Enter note:
Enter note:
Enter note:
Enter note:
Enter note:
Enter note:
e - 2 scrolls of identify (gained 1)
You open the door.
There is an open door here.
You open the door.
A wight comes into view. It is wielding a +0 scimitar.
Enter note:
Enter note:
Enter note:
Enter note:
Enter note:
Enter note: You shoot a sling bullet.
The sling bullet hits the wight.
The wight is lightly damaged.
The wight hits you with a +0 scimitar!
You feel drained.
You shoot a sling bullet. The sling bullet hits the wight.
The wight is lightly damaged.
The wight hits you with a +0 scimitar!
You shoot a sling bullet. The sling bullet hits the wight.
The wight is heavily damaged.
The wight hits you with a +0 scimitar! The wight hits you with a +0 scimitar.
You feel drained.
3422 ||| READING scroll of teleportation.
As you read the scroll of teleportation, it crumbles to dust.
You feel strangely unstable. The wight hits you with a +0 scimitar!
You die...

#..........
+..........
#.........
#.......>
#....####
#.......#
#.#8#.#8#
#.###'# #.#
#@# #.# +.z.#
#.# #.### #.#
+.+ . #.# #.#
.###########.#
+.+
.............#
#.#
#............#
+.+ #.
+............#
######.


You could see a wight.

Vanquished Creatures
  An ogre (D:4)
  5 adders
  An ufetubus (D:4)
  3 worms
  3 dart slugs
  8 ball pythons
  7 endoplasms
  3 giant cockroaches
  4 goblins
  8 hobgoblins
  2 kobolds
  5 quokkas
  4 bats
  3 frilled lizards
  4 rats
61 creatures vanquished.

Notes
Turn   | Place    | Note
-------+----------+-------------------------------------------
     0 | D:1      | qw the Minotaur Hexslinger began the quest for the Orb.
     0 | D:1      | Reached XP level 1. HP: 16/16 MP: 1/1
     0 | D:1      | 0 ||| qw: Version: 0.3-a-52-g30416fa
     0 | D:1      | 0 ||| qw: Game counter: 4683
     0 | D:1      | 0 ||| qw: Melee chars always use a shield: true
     0 | D:1      | 0 ||| qw: God list: Okawaru
     0 | D:1      | 0 ||| qw: Allow faded altars: false
     0 | D:1      | 0 ||| qw: Do Orc after clearing Dungeon:15 true
     0 | D:1      | 0 ||| qw: Do second Lair branch before Depths: true
     0 | D:1      | 0 ||| qw: Lair rune preference: random
     0 | D:1      | 0 ||| qw: Goals: Normal
     0 | D:1      | 0 ||| PLANNING D:1-11
   315 | D:1      | Reached skill level 3 in Ranged Weapons
   315 | D:1      | Reached XP level 2. HP: 15/23 MP: 2/2
   369 | D:1      | HP: 5/23 [constriction (1)]
   543 | D:1      | You fall into a shaft and drop 1 floor!
   577 | D:2      | 577 ||| UPGRADING to +0 ring mail.
   587 | D:2      | 587 ||| DROPPING +0 robe.
   588 | D:2      | 588 ||| READING scroll labelled OCOURI PAIVA.
   589 | D:2      | 589 ||| READING scroll labelled FIUDEGHAUNG.
   590 | D:2      | 590 ||| DROPPING scroll of poison.
   594 | D:2      | 594 ||| FLEEEEING.
   595 | D:2      | 595 ||| FLEEEEING.
   596 | D:2      | 596 ||| FLEEEEING.
   597 | D:2      | 597 ||| FLEEEEING.
   598 | D:2      | 598 ||| STAIRDANCE
   820 | D:1      | Found a faded altar of an unknown god.
  1116 | D:2      | 1116 ||| READING scroll of enchant weapon.
  1116 | D:2      | 1116 ||| ENCHANTING +2 sling.
  1157 | D:2      | Reached XP level 3. HP: 25/29 MP: 3/3
  1347 | D:2      | 1347 ||| READING scroll labelled EWNONYPN NEOSK.
  1398 | D:2      | 1398 ||| READING scroll labelled NESUCWEUTO.
  1399 | D:2      | 1399 ||| READING scroll labelled EGIT KUFEORO.
  1403 | D:2      | 1403 ||| READING scroll labelled QYAJAXUYTT.
  1404 | D:2      | 1404 ||| READING scroll labelled VISAT ICEZ DEIKO.
  1456 | D:3      | Reached skill level 4 in Ranged Weapons
  1623 | D:3      | Reached skill level 1 in Armour
  1717 | D:3      | Reached XP level 4. HP: 19/36 MP: 4/4
  2079 | D:3      | 2079 ||| READING 2 scrolls labelled ACZAPP UCZESMO.
  2080 | D:3      | 2080 ||| DRINKING 4 puce potions.
  2081 | D:3      | 2081 ||| DROPPING scroll of fog.
  2103 | D:4      | 2103 ||| STAIRDANCE
  2310 | D:4      | Found a staircase to the Ecumenical Temple.
  2311 | D:4      | 2311 ||| PLANNING TEMPLE
  2332 | Temple   | Entered the Ecumenical Temple
  2450 | Temple   | 2450 ||| PLANNING OKAWARU WORSHIP
  2552 | Temple   | Became a worshipper of Warmaster Okawaru
  2553 | Temple   | 2553 ||| PLANNING D:1-11
  2600 | D:4      | Found a sparkling altar of Nemelex Xobeh.
  2608 | D:4      | Reached skill level 5 in Ranged Weapons
  2674 | D:4      | Found a broken altar of Ashenzari.
  2678 | D:4      | Found an opulent altar of Gozag.
  2802 | D:4      | Noticed an ogre
  2807 | D:4      | Killed an ogre
  2808 | D:4      | Reached XP level 5. HP: 46/46 MP: 5/5
  3286 | D:4      | 3286 ||| READING 2 scrolls of identify.
  3286 | D:4      | 3286 ||| IDENTIFYING green potion
  3287 | D:4      | 3287 ||| DROPPING potion of attraction.
  3313 | D:5      | Entered Level 5 of the Dungeon
  3421 | D:5      | HP: 9/44 [wight/+0 scimitar (6)]
  3422 | D:5      | 3422 ||| READING scroll of teleportation.
  3422 | D:5      | Slain by a wight

Levels and vault maps discovered:
D:1:      minmay_arrival_solitary_statue, layout_basic,
          shapermc_ecumenical_altar_hornbeckon
D:2:      layout_basic, corexii_corridor_pit
D:3:      layout_basic
D:4:      layout_basic, minitemple, minmay_temple_entry_glassed_door
D:5:      layout_gridville, lemuel_mausoleum_altar_kikubaaqudgha,
          minmay_misc_feat_chi, st_stairs_2, uniq_ijyb
Temple:   regret_index_temple_generic_petals

Skill      XL: |  1  2  3  4 |
---------------+-------------+-----
Ranged Weapons | 3 4 5 |  5.2
Fighting       | 2 4 |  4.1
Armour         | 1 |  1.0
Dodging        | |  2.1
Spellcasting   | |  1.0
Hexes          | |  2.0

Action                     |  1- 3 |  4- 6 || total
---------------------------+-------+-------++-------
   Fire: Sling             |   110 |    78 ||   188
    Use: Scroll            |     8 |     3 ||    11
         Potion            |       |     1 ||     1
 Armour: Robe              |     6 |       ||     6
         Ring mail         |     9 |    14 ||    23
  Dodge: Dodged            |    26 |    20 ||    46

Table legend:
 A = Non-vault XP
 B = Vault XP
 C = Vault XP percentage of total XP
 D = Non-vault monster count
 E = Vault monster count
 F = Vault count percentage of total count
                 A         B        C        D         E       F
            +---------+---------+-------+---------+---------+-------
      Total |     305 |       0 |   0.0 |      61 |       0 |   0.0
            +---------+---------+-------+---------+---------+-------
        D:1 |      17 |       0 |   0.0 |      11 |       0 |   0.0
        D:2 |      40 |       0 |   0.0 |      15 |       0 |   0.0
        D:3 |      72 |       0 |   0.0 |      22 |       0 |   0.0
        D:4 |     163 |       0 |   0.0 |      12 |       0 |   0.0
        D:5 |      13 |       0 |   0.0 |       1 |       0 |   0.0
            +---------+---------+-------+---------+---------+-------
